Arizona Coyotes vs Minnesota North Stars
Created - Monday, October 2, 2023 at 08:32
Goals
|
| Arizona Coyotes |
2 |
2 |
2 |
0 |
2 |
7 |
| Minnesota North Stars |
3 |
1 |
2 |
0 |
0 |
6 |
|
Shots
|
| Arizona Coyotes |
5 |
20 |
7 |
1 |
2 |
33 |
| Minnesota North Stars |
12 |
15 |
10 |
2 |
2 |
39 |
|
1st period
1. Arizona Coyotes , Ondrej Palat 8 (Mason McTavish 12, Dmitry Orlov 8) at 13:32
2. Minnesota North Stars , Alexander Barabanov 6 (Evgeni Malkin 23, Rasmus Dahlin 11) at 13:50
3. Minnesota North Stars , Ryan Nugent-Hopkins 22 (Viktor Arvidsson 14) at 15:18
4. Arizona Coyotes , Jani Hakanpaa 1 (Erik Haula 18, Tyler Seguin 14) at 17:17 (PP)
5. Minnesota North Stars , Alexander Barabanov 7 (Evgeni Malkin 24, Rasmus Dahlin 12) at 19:08
Penalties :
Brandon Montour (MNS) for High sticking (Minor) at 1:00, Dmitry Orlov (AZC) for High sticking (Minor) at 8:59, Brandon Montour (MNS) for Tripping (Minor) at 15:41, Matt Dumba (AZC) for Tripping (Minor) at 19:42
2nd period
6. Minnesota North Stars , Ryan Nugent-Hopkins 23 (Neal Pionk 5, Viktor Arvidsson 15) at 0:44 (PP)
7. Arizona Coyotes , Mats Zuccarello 14 (Claude Giroux 14) at 9:59 (PP)
8. Arizona Coyotes , James van Riemsdyk 12 (Mason McTavish 13, Ondrej Palat 12) at 13:32
Penalties :
Brandon Montour (MNS) for Holding (Minor) at 9:55
3rd period
9. Arizona Coyotes , Ondrej Palat 9 (Dmitry Orlov 9, Mason McTavish 14) at 1:08
10. Arizona Coyotes , Mats Zuccarello 15 (Claude Giroux 15) at 10:00
11. Minnesota North Stars , Brandon Montour 3 (Ryan Nugent-Hopkins 13, Viktor Arvidsson 16) at 13:33
12. Minnesota North Stars , Jonathan Toews 10 (Evan Rodrigues 6, Justin Holl 3) at 15:16
Penalties :
Rasmus Dahlin (MNS) for Holding (Minor) at 3:07
Overtime #1
No Goal
Penalties :
No Penalty
Shootout
Arizona Coyotes, Claude Giroux - Goal!
Minnesota North Stars, Ryan Nugent-Hopkins - Stopped by Carter Hart
Arizona Coyotes, Mats Zuccarello - Goal!
Minnesota North Stars, Evgeni Malkin - Stopped by Carter Hart
Penalties :
No Penalty
Goalie Stats
Carter Hart (AZC), 33 saves from 39 shots - (0.846), W, 12-10-1, 65:00 minutes
Antti Raanta (MNS), 27 saves from 33 shots - (0.818), OTL, 11-7-2, 65:00 minutes
Players Stats for Arizona Coyotes
Player Name G A P +/- PIM S H SB GA TA FO MP PP MP PK MP
------------------------------------------------------------------------------------
Brandon Tanev 0 0 0 0 0 3 0 0 0 0 0/0 7:17 0:02 0:00
Brayden McNabb 0 0 0 -1 0 0 0 2 1 4 0/0 23:03 2:08 1:16
Brock McGinn 0 0 0 0 0 0 0 0 0 0 0/0 6:19 0:00 0:00
Charlie Coyle 0 0 0 -2 0 0 1 0 0 0 5/5 22:46 3:24 1:35
Claude Giroux 0 2 2 -2 0 2 1 0 1 0 21/34 23:04 3:27 1:26
Dmitry Orlov 0 2 2 0 2 2 1 2 0 0 0/0 27:12 3:30 1:02
Erik Haula 0 1 1 -1 0 0 1 1 1 0 0/1 17:06 2:09 0:00
James van Riemsdyk 1 0 1 2 0 1 1 1 0 0 1/3 14:54 0:05 0:00
Jani Hakanpaa 1 0 1 -1 0 2 2 4 0 2 0/0 23:03 2:08 1:16
Jared Spurgeon 0 0 0 0 0 1 0 3 0 0 0/0 27:26 3:30 1:45
Mark Jankowski 0 0 0 0 0 0 1 0 0 0 0/0 6:19 0:00 0:00
Mason McTavish 0 3 3 2 0 3 1 0 0 0 5/9 14:44 0:02 0:00
Mats Zuccarello 2 0 2 -2 0 8 2 0 2 1 0/0 23:05 3:27 1:26
Matt Dumba 0 0 0 0 2 0 0 0 0 1 0/0 14:50 0:00 0:43
Ondrej Palat 2 1 3 2 0 5 3 1 3 0 0/2 13:52 0:00 0:00
Radko Gudas 0 0 0 0 0 2 1 1 0 0 0/0 14:31 0:00 0:00
T.J. Oshie 0 0 0 -1 0 0 0 0 1 0 2/3 17:06 2:09 0:00
Tyler Seguin 0 1 1 -1 0 4 0 1 1 0 8/20 20:20 2:09 1:35
Players Stats for Minnesota North Stars
Player Name G A P +/- PIM S H SB GA TA FO MP PP MP PK MP
------------------------------------------------------------------------------------
Adam Lowry 0 0 0 0 0 0 4 1 0 1 10/23 17:28 0:00 2:10
Alexander Barabanov 2 0 2 1 0 4 0 0 1 0 0/2 15:08 0:00 0:09
Brandon Montour 1 0 1 -1 6 2 2 0 2 1 0/0 22:31 1:10 0:15
Derick Brassard 0 0 0 0 0 1 0 0 0 0 0/0 8:17 0:00 0:00
Eeli Tolvanen 0 0 0 0 0 0 0 0 0 0 0/0 8:08 0:00 0:00
Evan Rodrigues 0 1 1 0 0 0 0 1 0 1 0/3 16:42 1:10 0:21
Evgeni Malkin 0 2 2 1 0 3 1 1 0 0 15/25 20:06 1:10 2:22
Frank Vatrano 0 0 0 0 0 2 1 0 0 0 0/0 8:08 0:00 0:00
Gustav Forsling 0 0 0 1 0 1 2 1 0 1 0/0 22:52 1:51 3:02
Jack Hughes 0 0 0 1 0 3 1 0 3 0 0/0 17:41 1:10 0:00
Jamie Oleksiak 0 0 0 -1 0 0 1 1 0 1 0/0 21:01 0:00 3:29
Jeff Skinner 0 0 0 0 0 4 0 1 1 0 0/1 17:03 1:51 0:00
Jonathan Toews 1 0 1 0 0 4 3 0 0 0 0/2 18:58 0:00 3:07
Justin Holl 0 1 1 1 0 1 3 0 0 1 0/0 17:28 0:00 0:29
Neal Pionk 0 1 1 1 0 2 0 0 0 2 0/0 23:25 1:51 2:36
Rasmus Dahlin 0 2 2 1 2 3 8 1 0 1 0/0 23:25 1:10 1:25
Ryan Nugent-Hopkins 2 1 3 0 0 7 2 1 0 1 10/19 20:56 1:51 3:07
Viktor Arvidsson 0 3 3 0 0 2 0 1 1 0 0/2 15:01 1:51 0:00
3 Stars
1 - Ondrej Palat (AZC)
2 - Ryan Nugent-Hopkins (MNS)
3 - Mason McTavish (AZC)
Power Play
Arizona Coyotes - 2 on 4 Attempt(s) - 50.00%
Minnesota North Stars - 1 on 2 Attempt(s) - 50.00%
Penalty Kill
Arizona Coyotes - 1 on 2 Attempt(s) - 50.00%
- Score 0 goal in Penalty Kill
Minnesota North Stars - 2 on 4 Attempt(s) - 50.00%
- Score 0 goal in Penalty Kill
Team Stat
Arizona Coyotes - Hits : 15 - Faceoff Wins : 42 - Blocked Shots : 16 - Penalty Minutes : 4
Minnesota North Stars - Hits : 28 - Faceoff Wins : 35 - Blocked Shots : 9 - Penalty Minutes : 8
Official
Referees : Trevor Hanson and Evgeny Romasko
Linesman : Lonnie Cameron and Derek Amell
Game Notes
No Game Note
Finance
Level 1 -- Attendance: 5220 (87.00%) -- Ticket Income $522,000
Level 2 -- Attendance: 3902 (78.04%) -- Ticket Income $234,120
Level 3 -- Attendance: 2228 (74.27%) -- Ticket Income $77,980
Level 4 -- Attendance: 3606 (72.12%) -- Ticket Income $90,150
Luxury Box -- Attendance: 714 (71.40%) -- Ticket Income $142,800
Game was played at the Met Center.
Total Attendance: 15670 (78.35%)
Total Ticket Income: $1,067,050
Other Income: $373,468
Total Income: $1,440,518
Arizona Coyotes
5 vs 5 Forward
Center Left Wing Right Wing Time % Phy DF OF
1 Claude Giroux Mats Zuccarello Charlie Coyle 35 1 2 2
2 Tyler Seguin Erik Haula T.J. Oshie 30 1 2 2
3 Mason McTavish James van Riemsdyk Ondrej Palat 25 1 2 2
4 Mark Jankowski Brandon Tanev Brock McGinn 10 1 2 2
5 vs 5 Defense
Defense Defense Time % Phy DF OF
1 Dmitry Orlov Jared Spurgeon 30 1 2 2
2 Jani Hakanpaa Brayden McNabb 30 1 2 2
3 Radko Gudas Matt Dumba 25 1 2 2
4 Dmitry Orlov Jared Spurgeon 15 1 2 2
PowerPlay Forward
Center Left Wing Right Wing Time % Phy DF OF
1 Claude Giroux Mats Zuccarello Charlie Coyle 60 0 2 3
2 Tyler Seguin Erik Haula T.J. Oshie 40 0 2 3
PowerPlay Defense
Defense Defense Time % Phy DF OF
1 Dmitry Orlov Jared Spurgeon 55 0 2 3
2 Jani Hakanpaa Brayden McNabb 45 0 2 3
Penalty Kill 4 Players Forward
Center Wing Time % Phy DF OF
1 Claude Giroux Mats Zuccarello 50 1 2 2
2 Charlie Coyle Tyler Seguin 50 1 2 2
Penalty Kill 4 Players Defense
Defense Defense Time % Phy DF OF
1 Dmitry Orlov Jared Spurgeon 50 1 2 2
2 Jani Hakanpaa Brayden McNabb 50 1 2 2
Penalty Kill - 3 Players Forward
Forward Time % Phy DF OF
1 Tyler Seguin 50 1 2 2
2 Erik Haula 50 1 2 2
Penalty Kill - 3 Players Defense
Defense Defense Time % Phy DF OF
1 Jani Hakanpaa Brayden McNabb 50 1 2 2
2 Matt Dumba Radko Gudas 50 1 2 2
4 vs 4 Forward
Center Wing Time % Phy DF OF
1 Claude Giroux Mats Zuccarello 50 1 1 3
2 Charlie Coyle Tyler Seguin 50 1 1 3
4 vs 4 Defense
Defense Defense Time % Phy DF OF
1 Dmitry Orlov Jared Spurgeon 50 1 1 3
2 Jani Hakanpaa Brayden McNabb 50 1 2 2
Last Minutes Offensive
Center Left Wing Right Wing Defense Defense
Claude Giroux Mats Zuccarello Charlie Coyle Dmitry Orlov Jared Spurgeon
Last Minutes Defensive
Center Left Wing Right Wing Defense Defense
Claude Giroux Mats Zuccarello Charlie Coyle Dmitry Orlov Jared Spurgeon
Goaltenders
Starting : Carter Hart
Backup : Kaapo Kahkonen
Extra Forwards
Normal : James van Riemsdyk, Mason McTavish, Ondrej Palat - PP : James van Riemsdyk, Mason McTavish - PK : Ondrej Palat
Extra Defensemen
Normal : Radko Gudas, Matt Dumba, Jani Hakanpaa - PP : Radko Gudas - PK : Matt Dumba, Jani Hakanpaa
Penalty Shots
Claude Giroux, Mats Zuccarello, Charlie Coyle, Tyler Seguin, T.J. Oshie
Minnesota North Stars
5 vs 5 Forward
Center Left Wing Right Wing Time % Phy DF OF
1 Ryan Nugent-Hopkins Jeff Skinner Viktor Arvidsson 30 1 2 2
2 Evgeni Malkin Jack Hughes Alexander Barabanov 30 1 2 2
3 Adam Lowry Evan Rodrigues Jonathan Toews 30 1 2 2
4 Derick Brassard Eeli Tolvanen Frank Vatrano 10 1 2 2
5 vs 5 Defense
Defense Defense Time % Phy DF OF
1 Rasmus Dahlin Neal Pionk 34 1 2 2
2 Jamie Oleksiak Brandon Montour 34 1 2 2
3 Justin Holl Gustav Forsling 32 1 2 2
4 Rasmus Dahlin Brandon Montour 0 1 2 2
PowerPlay Forward
Center Left Wing Right Wing Time % Phy DF OF
1 Ryan Nugent-Hopkins Jeff Skinner Viktor Arvidsson 50 1 2 2
2 Evgeni Malkin Jack Hughes Evan Rodrigues 50 1 2 2
PowerPlay Defense
Defense Defense Time % Phy DF OF
1 Rasmus Dahlin Brandon Montour 50 1 2 2
2 Neal Pionk Gustav Forsling 50 1 2 2
Penalty Kill 4 Players Forward
Center Wing Time % Phy DF OF
1 Ryan Nugent-Hopkins Jonathan Toews 50 1 2 2
2 Adam Lowry Evgeni Malkin 50 1 2 2
Penalty Kill 4 Players Defense
Defense Defense Time % Phy DF OF
1 Rasmus Dahlin Neal Pionk 50 1 2 2
2 Jamie Oleksiak Gustav Forsling 50 1 2 2
Penalty Kill - 3 Players Forward
Forward Time % Phy DF OF
1 Ryan Nugent-Hopkins 50 1 2 2
2 Evgeni Malkin 50 1 2 2
Penalty Kill - 3 Players Defense
Defense Defense Time % Phy DF OF
1 Rasmus Dahlin Neal Pionk 50 1 2 2
2 Jamie Oleksiak Gustav Forsling 50 1 2 2
4 vs 4 Forward
Center Wing Time % Phy DF OF
1 Ryan Nugent-Hopkins Jeff Skinner 50 1 2 2
2 Evgeni Malkin Jack Hughes 50 1 2 2
4 vs 4 Defense
Defense Defense Time % Phy DF OF
1 Rasmus Dahlin Brandon Montour 50 1 2 2
2 Neal Pionk Gustav Forsling 50 1 2 2
Last Minutes Offensive
Center Left Wing Right Wing Defense Defense
Ryan Nugent-Hopkins Evgeni Malkin Jack Hughes Rasmus Dahlin Brandon Montour
Last Minutes Defensive
Center Left Wing Right Wing Defense Defense
Ryan Nugent-Hopkins Jonathan Toews Adam Lowry Gustav Forsling Jamie Oleksiak
Goaltenders
Starting : Antti Raanta
Backup : Stuart Skinner
Extra Forwards
Normal : Adam Lowry, Jonathan Toews, Evan Rodrigues - PP : Adam Lowry, Jonathan Toews - PK : Evan Rodrigues
Extra Defensemen
Normal : Neal Pionk, Justin Holl, Jamie Oleksiak - PP : Neal Pionk - PK : Justin Holl, Jamie Oleksiak
Penalty Shots
Ryan Nugent-Hopkins, Evgeni Malkin, Jeff Skinner, Brandon Montour, Neal Pionk
% Time on Ice - Arizona Coyotes
Lines # - Real PCT - Wanted PCT - Time Play
Normal Forward
1 - 33% - 35% - 16:53
2 - 30% - 30% - 15:13
3 - 25% - 25% - 12:56
4 - 12% - 10% - 6:19
Normal Defense
1 - 29% - 30% - 14:42
2 - 35% - 30% - 17:47
3 - 26% - 25% - 13:10
4 - 11% - 15% - 5:42
PP Forward
1 - 62% - 60% - 3:29
2 - 38% - 40% - 2:09
PP Defense
1 - 62% - 55% - 3:30
2 - 38% - 45% - 2:08
PK Forward
1 - 48% - 50% - 1:26
2 - 52% - 50% - 1:35
PK Defense
1 - 58% - 50% - 1:45
2 - 42% - 50% - 1:16
PK3 Forward
1 - 0% - 50%
2 - 0% - 50%
PK3 Defense
1 - 0% - 50%
2 - 0% - 50%
44 Forward
1 - 48% - 50% - 2:23
2 - 52% - 50% - 2:37
44 Defense
1 - 63% - 50% - 3:08
2 - 37% - 50% - 1:52
Last Minute Offensive - 0:00
Last Minute Defensive - 0:00
Total
Forward - 65:00
Defense - 65:00
|
% Time on Ice - Minnesota North Stars
Lines # - Real PCT - Wanted PCT - Time Play
Normal Forward
1 - 27% - 30% - 13:55
2 - 29% - 30% - 14:58
3 - 28% - 30% - 14:20
4 - 16% - 10% - 8:08
Normal Defense
1 - 34% - 34% - 17:23
2 - 33% - 34% - 16:51
3 - 32% - 32% - 16:18
4 - 2% - 0% - 0:49
PP Forward
1 - 61% - 50% - 1:51
2 - 39% - 50% - 1:10
PP Defense
1 - 39% - 50% - 1:10
2 - 61% - 50% - 1:51
PK Forward
1 - 55% - 50% - 3:07
2 - 45% - 50% - 2:31
PK Defense
1 - 51% - 50% - 2:51
2 - 49% - 50% - 2:47
PK3 Forward
1 - 0% - 50%
2 - 0% - 50%
PK3 Defense
1 - 0% - 50%
2 - 0% - 50%
44 Forward
1 - 49% - 50% - 2:27
2 - 51% - 50% - 2:33
44 Defense
1 - 59% - 50% - 2:57
2 - 41% - 50% - 2:03
Last Minute Offensive - 0:00
Last Minute Defensive - 0:00
Total
Forward - 65:00
Defense - 65:00
|
Play-by-Play
1st period
0:01 of 1st period - Ryan Nugent-Hopkins wins face-off versus Claude Giroux in neutral zone.
0:16 of 1st period - Wrist shot by Viktor Arvidsson.
0:16 of 1st period - Stopped by Carter Hart without a rebound.
0:17 of 1st period - Evgeni Malkin wins face-off versus Tyler Seguin in Arizona Coyotes zone.
0:22 of 1st period - Snap shot by Jack Hughes.
0:22 of 1st period - Stopped by Carter Hart with a rebound.
1:00 of 1st period - Minor Penalty to Brandon Montour for High sticking.
1:01 of 1st period - Claude Giroux wins face-off versus Ryan Nugent-Hopkins in Minnesota North Stars zone.
1:22 of 1st period - Slapshot by Evgeni Malkin.
1:22 of 1st period - Stopped by Carter Hart with a rebound.
2:29 of 1st period - Neal Pionk is hit by Claude Giroux and loses puck.
3:00 of 1st period - Penalty to Brandon Montour is over, Brandon Montour is back on ice.
3:09 of 1st period - Slapshot by Jonathan Toews.
3:09 of 1st period - Shot Blocked by Jani Hakanpaa.
3:17 of 1st period - Brandon Tanev is hit by Gustav Forsling and loses puck.
3:44 of 1st period - Snap shot by Jonathan Toews.
3:44 of 1st period - Deflect By Brandon Montour.
3:44 of 1st period - Shot Misses the Net.
3:44 of 1st period - Puck is out of play.
3:45 of 1st period - Tyler Seguin wins face-off versus Evgeni Malkin in Arizona Coyotes zone.
5:38 of 1st period - Snap shot by Erik Haula.
5:38 of 1st period - Shot Misses the Net.
5:54 of 1st period - Jani Hakanpaa is hit by Justin Holl and loses puck.
7:25 of 1st period - Snap shot by Claude Giroux.
7:25 of 1st period - Shot Misses the Net.
7:27 of 1st period - Backhand shot by Mats Zuccarello.
7:27 of 1st period - Shot Misses the Net.
7:29 of 1st period - Slapshot by Jani Hakanpaa.
7:29 of 1st period - Stopped by Antti Raanta without a rebound.
7:30 of 1st period - Tyler Seguin wins face-off versus Evgeni Malkin in Minnesota North Stars zone.
7:33 of 1st period - Snap shot by Tyler Seguin.
7:33 of 1st period - Stopped by Antti Raanta without a rebound.
7:34 of 1st period - Tyler Seguin wins face-off versus Alexander Barabanov in Minnesota North Stars zone.
7:44 of 1st period - Off-side.
7:45 of 1st period - Adam Lowry wins face-off versus Mason McTavish in neutral zone.
7:55 of 1st period - Snap shot by Adam Lowry.
7:55 of 1st period - Deflect By Evan Rodrigues.
7:55 of 1st period - Shot Misses the Net.
7:55 of 1st period - Puck is out of play.
7:56 of 1st period - Evgeni Malkin wins face-off versus T.J. Oshie in Arizona Coyotes zone.
7:57 of 1st period - Snap shot by Jack Hughes.
7:57 of 1st period - Shot Misses the Net.
8:23 of 1st period - Rasmus Dahlin is hit by Mason McTavish and loses puck.
8:59 of 1st period - Minor Penalty to Dmitry Orlov for High sticking.
9:00 of 1st period - Ryan Nugent-Hopkins wins face-off versus Claude Giroux in Arizona Coyotes zone.
9:17 of 1st period - Snap shot by Jeff Skinner.
9:17 of 1st period - Deflect By Ryan Nugent-Hopkins.
9:17 of 1st period - Stopped by Carter Hart without a rebound.
9:18 of 1st period - Charlie Coyle wins face-off versus Evan Rodrigues in Arizona Coyotes zone.
10:59 of 1st period - Penalty to Dmitry Orlov is over, Dmitry Orlov is back on ice.
11:11 of 1st period - Slapshot by Mason McTavish.
11:11 of 1st period - Stopped by Antti Raanta with a rebound.
11:34 of 1st period - Brock McGinn is hit by Justin Holl and loses puck.
12:06 of 1st period - Brayden McNabb is hit by Jamie Oleksiak and loses puck.
12:21 of 1st period - Ryan Nugent-Hopkins is hit by Ondrej Palat and loses puck.
12:32 of 1st period - Mark Jankowski is hit by Jonathan Toews and loses puck.
13:32 of 1st period - Wrist shot by Ondrej Palat.
13:32 of 1st period - Goal by Ondrej Palat - Arizona Coyotes : 1 - Minnesota North Stars : 0.
13:33 of 1st period - Evgeni Malkin wins face-off versus Claude Giroux in neutral zone.
13:44 of 1st period - Wrist shot by Jack Hughes.
13:44 of 1st period - Shot Blocked by Jani Hakanpaa.
13:46 of 1st period - Snap shot by Jack Hughes.
13:46 of 1st period - Shot Misses the Net.
13:48 of 1st period - Wrist shot by Rasmus Dahlin.
13:48 of 1st period - Shot Misses the Net.
13:50 of 1st period - Snap shot by Evgeni Malkin.
13:50 of 1st period - Deflect By Alexander Barabanov.
13:50 of 1st period - Goal by Alexander Barabanov - Arizona Coyotes : 1 - Minnesota North Stars : 1.
13:51 of 1st period - Claude Giroux wins face-off versus Ryan Nugent-Hopkins in neutral zone.
14:02 of 1st period - Slapshot by Ryan Nugent-Hopkins.
14:02 of 1st period - Shot Blocked by Brayden McNabb.
14:04 of 1st period - Slapshot by Rasmus Dahlin.
14:04 of 1st period - Shot Blocked by Brayden McNabb.
14:06 of 1st period - Wrist shot by Rasmus Dahlin.
14:06 of 1st period - Deflect By Jeff Skinner.
14:06 of 1st period - Shot Misses the Net.
14:06 of 1st period - Puck is out of play.
14:07 of 1st period - Evgeni Malkin wins face-off versus Tyler Seguin in Arizona Coyotes zone.
14:45 of 1st period - Wrist shot by Mats Zuccarello.
14:45 of 1st period - Shot Blocked by Jeff Skinner.
14:47 of 1st period - Slapshot by Brayden McNabb.
14:47 of 1st period - Deflect By Claude Giroux.
14:47 of 1st period - Shot Misses the Net.
14:47 of 1st period - Puck is out of play.
14:48 of 1st period - Mason McTavish wins face-off versus Adam Lowry in Minnesota North Stars zone.
15:18 of 1st period - Slapshot by Ryan Nugent-Hopkins.
15:18 of 1st period - Goal by Ryan Nugent-Hopkins - Arizona Coyotes : 1 - Minnesota North Stars : 2.
15:19 of 1st period - Adam Lowry wins face-off versus Claude Giroux in neutral zone.
15:41 of 1st period - Minor Penalty to Brandon Montour for Tripping.
15:42 of 1st period - Ryan Nugent-Hopkins wins face-off versus Claude Giroux in Minnesota North Stars zone.
15:51 of 1st period - Snap shot by Jonathan Toews.
15:51 of 1st period - Stopped by Carter Hart without a rebound.
15:52 of 1st period - Claude Giroux wins face-off versus Ryan Nugent-Hopkins in Arizona Coyotes zone.
16:07 of 1st period - Slapshot by Charlie Coyle.
16:07 of 1st period - Shot Misses the Net.
16:21 of 1st period - Wrist shot by Claude Giroux.
16:21 of 1st period - Shot Blocked by Ryan Nugent-Hopkins.
16:57 of 1st period - Snap shot by Mats Zuccarello.
16:57 of 1st period - Shot Blocked by Gustav Forsling.
16:59 of 1st period - Wrist shot by Claude Giroux.
16:59 of 1st period - Deflect By Mats Zuccarello.
16:59 of 1st period - Shot Misses the Net.
16:59 of 1st period - Puck is out of play.
17:00 of 1st period - Adam Lowry wins face-off versus Tyler Seguin in Minnesota North Stars zone.
17:11 of 1st period - Backhand shot by T.J. Oshie.
17:11 of 1st period - Deflect By Tyler Seguin.
17:11 of 1st period - Shot Misses the Net.
17:11 of 1st period - Puck is out of play.
17:12 of 1st period - Tyler Seguin wins face-off versus Adam Lowry in Minnesota North Stars zone.
17:15 of 1st period - Wrist shot by Erik Haula.
17:15 of 1st period - Shot Blocked by Evgeni Malkin.
17:17 of 1st period - Slapshot by Jani Hakanpaa.
17:17 of 1st period - Deflect By Rasmus Dahlin.
17:17 of 1st period - Goal by Jani Hakanpaa - Arizona Coyotes : 2 - Minnesota North Stars : 2.
17:18 of 1st period - Evgeni Malkin wins face-off versus Tyler Seguin in neutral zone.
17:48 of 1st period - Snap shot by Claude Giroux.
17:48 of 1st period - Deflect By Charlie Coyle.
17:48 of 1st period - Shot Blocked by Rasmus Dahlin.
17:48 of 1st period - Puck is out of play.
17:49 of 1st period - Ryan Nugent-Hopkins wins face-off versus Claude Giroux in Minnesota North Stars zone.
18:17 of 1st period - Wrist shot by Mats Zuccarello.
18:17 of 1st period - Deflect By Claude Giroux.
18:17 of 1st period - Shot Hit the Post.
18:17 of 1st period - Puck is out of play.
18:18 of 1st period - Tyler Seguin wins face-off versus Evgeni Malkin in Minnesota North Stars zone.
18:27 of 1st period - Wrist shot by Jack Hughes.
18:27 of 1st period - Stopped by Carter Hart with a rebound.
18:29 of 1st period - Snap shot by Evgeni Malkin.
18:29 of 1st period - Stopped by Carter Hart with a rebound.
18:31 of 1st period - Slapshot by Gustav Forsling.
18:31 of 1st period - Stopped by Carter Hart without a rebound.
18:32 of 1st period - Mason McTavish wins face-off versus Adam Lowry in Arizona Coyotes zone.
18:57 of 1st period - Evgeni Malkin is hit by Jani Hakanpaa and loses puck.
19:06 of 1st period - Slapshot by Alexander Barabanov.
19:06 of 1st period - Stopped by Carter Hart with a rebound.
19:08 of 1st period - Snap shot by Alexander Barabanov.
19:08 of 1st period - Goal by Alexander Barabanov - Arizona Coyotes : 2 - Minnesota North Stars : 3.
19:09 of 1st period - Tyler Seguin wins face-off versus Adam Lowry in neutral zone.
19:24 of 1st period - Off-side.
19:25 of 1st period - Ryan Nugent-Hopkins wins face-off versus Mason McTavish in neutral zone.
19:42 of 1st period - Minor Penalty to Matt Dumba for Tripping.
19:43 of 1st period - Charlie Coyle wins face-off versus Evan Rodrigues in Arizona Coyotes zone.
Goals for this period are 2 for Arizona Coyotes vs 3 for Minnesota North Stars.
Shots for this period are 5 for Arizona Coyotes vs 12 for Minnesota North Stars.
2nd period
0:01 of 2nd period - Ryan Nugent-Hopkins wins face-off versus Tyler Seguin in neutral zone.
0:08 of 2nd period - Wrist shot by Tyler Seguin.
0:08 of 2nd period - Stopped by Antti Raanta without a rebound.
0:09 of 2nd period - Charlie Coyle wins face-off versus Ryan Nugent-Hopkins in Minnesota North Stars zone.
0:42 of 2nd period - Snap shot by Ryan Nugent-Hopkins.
0:42 of 2nd period - Shot Blocked by Tyler Seguin.
0:44 of 2nd period - Snap shot by Neal Pionk.
0:44 of 2nd period - Deflect By Ryan Nugent-Hopkins.
0:44 of 2nd period - Goal by Ryan Nugent-Hopkins - Arizona Coyotes : 2 - Minnesota North Stars : 4.
0:45 of 2nd period - Claude Giroux wins face-off versus Evgeni Malkin in neutral zone.
0:48 of 2nd period - Slapshot by Jared Spurgeon.
0:48 of 2nd period - Deflect By Rasmus Dahlin.
0:48 of 2nd period - Stopped by Antti Raanta with a rebound.
1:12 of 2nd period - Jared Spurgeon is hit by Adam Lowry and loses puck.
1:20 of 2nd period - Off-side.
1:21 of 2nd period - Ryan Nugent-Hopkins wins face-off versus Ondrej Palat in neutral zone.
1:30 of 2nd period - Icing by Gustav Forsling.
1:31 of 2nd period - Mason McTavish wins face-off versus Jeff Skinner in Minnesota North Stars zone.
1:57 of 2nd period - Snap shot by Jeff Skinner.
1:57 of 2nd period - Deflect By Ryan Nugent-Hopkins.
1:57 of 2nd period - Stopped by Carter Hart with a rebound.
1:59 of 2nd period - Snap shot by Jeff Skinner.
1:59 of 2nd period - Shot Blocked by Jani Hakanpaa.
2:01 of 2nd period - Wrist shot by Viktor Arvidsson.
2:01 of 2nd period - Stopped by Carter Hart without a rebound.
2:02 of 2nd period - Claude Giroux wins face-off versus Adam Lowry in Arizona Coyotes zone.
2:07 of 2nd period - Wrist shot by Claude Giroux.
2:07 of 2nd period - Stopped by Antti Raanta without a rebound.
2:08 of 2nd period - Adam Lowry wins face-off versus Claude Giroux in Minnesota North Stars zone.
2:32 of 2nd period - Snap shot by Mats Zuccarello.
2:32 of 2nd period - Stopped by Antti Raanta without a rebound.
2:33 of 2nd period - Evgeni Malkin wins face-off versus Erik Haula in Minnesota North Stars zone.
2:38 of 2nd period - Tyler Seguin is hit by Rasmus Dahlin.
3:05 of 2nd period - Snap shot by Frank Vatrano.
3:05 of 2nd period - Shot Blocked by Jani Hakanpaa.
3:09 of 2nd period - Snap shot by Eeli Tolvanen.
3:09 of 2nd period - Shot Misses the Net.
3:46 of 2nd period - T.J. Oshie is hit by Ryan Nugent-Hopkins and loses puck.
3:55 of 2nd period - Wrist shot by Tyler Seguin.
3:55 of 2nd period - Stopped by Antti Raanta without a rebound.
3:56 of 2nd period - Claude Giroux wins face-off versus Evgeni Malkin in Minnesota North Stars zone.
3:57 of 2nd period - Snap shot by Mats Zuccarello.
3:57 of 2nd period - Stopped by Antti Raanta without a rebound.
3:58 of 2nd period - Claude Giroux wins face-off versus Evgeni Malkin in Minnesota North Stars zone.
4:29 of 2nd period - Wrist shot by Ryan Nugent-Hopkins.
4:29 of 2nd period - Stopped by Carter Hart with a rebound.
4:31 of 2nd period - Slapshot by Brandon Montour.
4:31 of 2nd period - Shot Hit the Post.
4:33 of 2nd period - Slapshot by Jamie Oleksiak.
4:33 of 2nd period - Shot Blocked by Dmitry Orlov.
4:51 of 2nd period - Snap shot by Eeli Tolvanen.
4:51 of 2nd period - Shot Misses the Net.
4:53 of 2nd period - Wrist shot by Derick Brassard.
4:53 of 2nd period - Shot Blocked by Dmitry Orlov.
4:55 of 2nd period - Slapshot by Rasmus Dahlin.
4:55 of 2nd period - Deflect By T.J. Oshie.
4:55 of 2nd period - Stopped by Carter Hart with a rebound.
4:57 of 2nd period - Snap shot by Eeli Tolvanen.
4:57 of 2nd period - Shot Misses the Net.
5:28 of 2nd period - Icing by Rasmus Dahlin.
5:29 of 2nd period - Adam Lowry wins face-off versus Claude Giroux in Minnesota North Stars zone.
5:40 of 2nd period - Snap shot by Evgeni Malkin.
5:40 of 2nd period - Shot Misses the Net.
5:42 of 2nd period - Snap shot by Rasmus Dahlin.
5:42 of 2nd period - Shot Misses the Net.
5:44 of 2nd period - Slapshot by Neal Pionk.
5:44 of 2nd period - Stopped by Carter Hart with a rebound.
6:00 of 2nd period - Slapshot by Ryan Nugent-Hopkins.
6:00 of 2nd period - Shot Blocked by Radko Gudas.
6:06 of 2nd period - Slapshot by Ryan Nugent-Hopkins.
6:06 of 2nd period - Stopped by Carter Hart without a rebound.
6:07 of 2nd period - Tyler Seguin wins face-off versus Adam Lowry in Arizona Coyotes zone.
6:16 of 2nd period - Slapshot by Brandon Montour.
6:16 of 2nd period - Shot Blocked by Erik Haula.
6:18 of 2nd period - Snap shot by Adam Lowry.
6:18 of 2nd period - Shot Misses the Net.
6:22 of 2nd period - Snap shot by Jonathan Toews.
6:22 of 2nd period - Stopped by Carter Hart with a rebound.
6:58 of 2nd period - Ryan Nugent-Hopkins is hit by Radko Gudas and loses puck.
7:03 of 2nd period - Snap shot by Ondrej Palat.
7:03 of 2nd period - Stopped by Antti Raanta without a rebound.
7:04 of 2nd period - Adam Lowry wins face-off versus Tyler Seguin in Minnesota North Stars zone.
7:30 of 2nd period - Slapshot by Mats Zuccarello.
7:30 of 2nd period - Stopped by Antti Raanta without a rebound.
7:31 of 2nd period - Evgeni Malkin wins face-off versus Claude Giroux in Minnesota North Stars zone.
7:31 of 2nd period - Evgeni Malkin is hit by Charlie Coyle.
8:04 of 2nd period - T.J. Oshie is hit by Justin Holl and loses puck.
8:27 of 2nd period - Slapshot by James van Riemsdyk.
8:27 of 2nd period - Shot Misses the Net.
8:37 of 2nd period - Wrist shot by Frank Vatrano.
8:37 of 2nd period - Stopped by Carter Hart with a rebound.
8:53 of 2nd period - Brandon Tanev is hit by Frank Vatrano and loses puck.
9:14 of 2nd period - Dmitry Orlov is hit by Jack Hughes and loses puck.
9:30 of 2nd period - Wrist shot by Brandon Tanev.
9:30 of 2nd period - Stopped by Antti Raanta with a rebound.
9:32 of 2nd period - Slapshot by Dmitry Orlov.
9:32 of 2nd period - Stopped by Antti Raanta without a rebound.
9:33 of 2nd period - Claude Giroux wins face-off versus Ryan Nugent-Hopkins in Minnesota North Stars zone.
9:39 of 2nd period - Snap shot by Claude Giroux.
9:39 of 2nd period - Shot Misses the Net.
9:41 of 2nd period - Snap shot by Charlie Coyle.
9:41 of 2nd period - Shot Misses the Net.
9:43 of 2nd period - Wrist shot by Radko Gudas.
9:43 of 2nd period - Stopped by Antti Raanta with a rebound.
9:45 of 2nd period - Slapshot by Mats Zuccarello.
9:45 of 2nd period - Shot Blocked by Viktor Arvidsson.
9:55 of 2nd period - Minor Penalty to Brandon Montour for Holding.
9:56 of 2nd period - Claude Giroux wins face-off versus Adam Lowry in Minnesota North Stars zone.
9:59 of 2nd period - Slapshot by Mats Zuccarello.
9:59 of 2nd period - Goal by Mats Zuccarello - Arizona Coyotes : 3 - Minnesota North Stars : 4.
10:00 of 2nd period - Evgeni Malkin wins face-off versus Claude Giroux in neutral zone.
10:11 of 2nd period - Wrist shot by Jack Hughes.
10:11 of 2nd period - Shot Misses the Net.
10:13 of 2nd period - Slapshot by Rasmus Dahlin.
10:13 of 2nd period - Stopped by Carter Hart without a rebound.
10:14 of 2nd period - Adam Lowry wins face-off versus Tyler Seguin in Arizona Coyotes zone.
10:25 of 2nd period - Snap shot by Jonathan Toews.
10:25 of 2nd period - Shot Misses the Net.
10:41 of 2nd period - Claude Giroux is hit by Ryan Nugent-Hopkins.
11:32 of 2nd period - Snap shot by Brandon Tanev.
11:32 of 2nd period - Shot Misses the Net.
11:34 of 2nd period - Snap shot by Brandon Tanev.
11:34 of 2nd period - Stopped by Antti Raanta with a rebound.
11:36 of 2nd period - Snap shot by Brock McGinn.
11:36 of 2nd period - Shot Misses the Net.
12:39 of 2nd period - Icing by Radko Gudas.
12:40 of 2nd period - Mason McTavish wins face-off versus Ryan Nugent-Hopkins in Arizona Coyotes zone.
12:47 of 2nd period - Snap shot by Mason McTavish.
12:47 of 2nd period - Shot Misses the Net.
12:53 of 2nd period - Slapshot by Brandon Montour.
12:53 of 2nd period - Shot Misses the Net.
13:09 of 2nd period - Radko Gudas is hit by Evgeni Malkin and loses puck.
13:16 of 2nd period - Slapshot by Matt Dumba.
13:16 of 2nd period - Deflect By Mason McTavish.
13:16 of 2nd period - Stopped by Antti Raanta with a rebound.
13:18 of 2nd period - Wrist shot by Ondrej Palat.
13:18 of 2nd period - Stopped by Antti Raanta with a rebound.
13:30 of 2nd period - Snap shot by James van Riemsdyk.
13:30 of 2nd period - Shot Misses the Net.
13:32 of 2nd period - Wrist shot by James van Riemsdyk.
13:32 of 2nd period - Goal by James van Riemsdyk - Arizona Coyotes : 4 - Minnesota North Stars : 4.
13:33 of 2nd period - Claude Giroux wins face-off versus Adam Lowry in neutral zone.
13:38 of 2nd period - Snap shot by Claude Giroux.
13:38 of 2nd period - Deflect By Mats Zuccarello.
13:38 of 2nd period - Deflect By Adam Lowry.
13:38 of 2nd period - Shot Misses the Net.
13:38 of 2nd period - Puck is out of play.
13:39 of 2nd period - Claude Giroux wins face-off versus Jonathan Toews in Minnesota North Stars zone.
13:52 of 2nd period - Slapshot by Claude Giroux.
13:52 of 2nd period - Shot Misses the Net.
13:54 of 2nd period - Slapshot by Dmitry Orlov.
13:54 of 2nd period - Stopped by Antti Raanta without a rebound.
13:55 of 2nd period - Ryan Nugent-Hopkins wins face-off versus Tyler Seguin in Minnesota North Stars zone.
13:55 of 2nd period - Ryan Nugent-Hopkins is hit by Erik Haula.
14:00 of 2nd period - Off-side.
14:01 of 2nd period - Tyler Seguin wins face-off versus Ryan Nugent-Hopkins in neutral zone.
14:28 of 2nd period - Snap shot by Mats Zuccarello.
14:28 of 2nd period - Stopped by Antti Raanta without a rebound.
14:29 of 2nd period - Claude Giroux wins face-off versus Jonathan Toews in Minnesota North Stars zone.
14:40 of 2nd period - Wrist shot by Mats Zuccarello.
14:40 of 2nd period - Shot Blocked by Jamie Oleksiak.
14:42 of 2nd period - Slapshot by Jani Hakanpaa.
14:42 of 2nd period - Shot Blocked by Evan Rodrigues.
14:44 of 2nd period - Snap shot by Mats Zuccarello.
14:44 of 2nd period - Stopped by Antti Raanta without a rebound.
14:45 of 2nd period - Evgeni Malkin wins face-off versus Tyler Seguin in Minnesota North Stars zone.
14:47 of 2nd period - Icing by Neal Pionk.
14:48 of 2nd period - Evgeni Malkin wins face-off versus Tyler Seguin in Minnesota North Stars zone.
14:53 of 2nd period - Dmitry Orlov is hit by Rasmus Dahlin and loses puck.
15:21 of 2nd period - Off-side.
15:22 of 2nd period - Ryan Nugent-Hopkins wins face-off versus Claude Giroux in neutral zone.
16:28 of 2nd period - Wrist shot by Ryan Nugent-Hopkins.
16:28 of 2nd period - Stopped by Carter Hart with a rebound.
16:30 of 2nd period - Snap shot by Jeff Skinner.
16:30 of 2nd period - Shot Misses the Net.
16:32 of 2nd period - Slapshot by Viktor Arvidsson.
16:32 of 2nd period - Deflect By Jeff Skinner.
16:32 of 2nd period - Stopped by Carter Hart with a rebound.
16:34 of 2nd period - Slapshot by Justin Holl.
16:34 of 2nd period - Shot Misses the Net.
16:41 of 2nd period - Icing by Matt Dumba.
16:42 of 2nd period - Claude Giroux wins face-off versus Adam Lowry in Arizona Coyotes zone.
17:17 of 2nd period - Icing by Alexander Barabanov.
17:18 of 2nd period - Mason McTavish wins face-off versus Evgeni Malkin in Minnesota North Stars zone.
17:21 of 2nd period - Snap shot by Mason McTavish.
17:21 of 2nd period - Stopped by Antti Raanta without a rebound.
17:22 of 2nd period - James van Riemsdyk wins face-off versus Adam Lowry in Minnesota North Stars zone.
17:41 of 2nd period - Icing by Ondrej Palat.
17:42 of 2nd period - Evgeni Malkin wins face-off versus Mason McTavish in Arizona Coyotes zone.
17:51 of 2nd period - Evgeni Malkin is hit by Ondrej Palat and loses puck.
19:38 of 2nd period - Snap shot by Eeli Tolvanen.
19:38 of 2nd period - Shot Blocked by James van Riemsdyk.
19:40 of 2nd period - Snap shot by Frank Vatrano.
19:40 of 2nd period - Stopped by Carter Hart with a rebound.
19:42 of 2nd period - Slapshot by Rasmus Dahlin.
19:42 of 2nd period - Stopped by Carter Hart with a rebound.
19:44 of 2nd period - Snap shot by Eeli Tolvanen.
19:44 of 2nd period - Shot Blocked by Ondrej Palat.
19:46 of 2nd period - Backhand shot by Derick Brassard.
19:46 of 2nd period - Stopped by Carter Hart with a rebound.
Goals for this period are 2 for Arizona Coyotes vs 1 for Minnesota North Stars.
Shots for this period are 20 for Arizona Coyotes vs 15 for Minnesota North Stars.
3rd period
0:01 of 3rd period - Evgeni Malkin wins face-off versus Tyler Seguin in neutral zone.
0:08 of 3rd period - Wrist shot by Jack Hughes.
0:08 of 3rd period - Stopped by Carter Hart with a rebound.
0:10 of 3rd period - Slapshot by Jack Hughes.
0:10 of 3rd period - Shot Hit the Post.
0:12 of 3rd period - Slapshot by Justin Holl.
0:12 of 3rd period - Stopped by Carter Hart without a rebound.
0:13 of 3rd period - T.J. Oshie wins face-off versus Adam Lowry in Arizona Coyotes zone.
0:13 of 3rd period - T.J. Oshie is hit by Adam Lowry.
1:08 of 3rd period - Wrist shot by Ondrej Palat.
1:08 of 3rd period - Goal by Ondrej Palat - Arizona Coyotes : 5 - Minnesota North Stars : 4.
1:09 of 3rd period - T.J. Oshie wins face-off versus Adam Lowry in neutral zone.
1:12 of 3rd period - Slapshot by Dmitry Orlov.
1:12 of 3rd period - Shot Blocked by Adam Lowry.
1:23 of 3rd period - Erik Haula is hit by Adam Lowry and loses puck.
1:34 of 3rd period - Snap shot by Jack Hughes.
1:34 of 3rd period - Shot Blocked by Jared Spurgeon.
1:36 of 3rd period - Snap shot by Justin Holl.
1:36 of 3rd period - Shot Misses the Net.
1:38 of 3rd period - Wrist shot by Alexander Barabanov.
1:38 of 3rd period - Stopped by Carter Hart with a rebound.
3:02 of 3rd period - Wrist shot by Claude Giroux.
3:02 of 3rd period - Stopped by Antti Raanta without a rebound.
3:03 of 3rd period - Claude Giroux wins face-off versus Adam Lowry in Minnesota North Stars zone.
3:07 of 3rd period - Minor Penalty to Rasmus Dahlin for Holding.
3:08 of 3rd period - Adam Lowry wins face-off versus Claude Giroux in Minnesota North Stars zone.
3:08 of 3rd period - Adam Lowry is hit by Mats Zuccarello.
3:35 of 3rd period - Jared Spurgeon is hit by Jonathan Toews and loses puck.
5:07 of 3rd period - Penalty to Rasmus Dahlin is over, Rasmus Dahlin is back on ice.
5:38 of 3rd period - Ondrej Palat is hit by Rasmus Dahlin and loses puck.
6:52 of 3rd period - Viktor Arvidsson is hit by Mark Jankowski and loses puck.
8:27 of 3rd period - Jani Hakanpaa is hit by Adam Lowry and loses puck.
9:42 of 3rd period - Wrist shot by Tyler Seguin.
9:42 of 3rd period - Stopped by Antti Raanta with a rebound.
9:44 of 3rd period - Slapshot by Radko Gudas.
9:44 of 3rd period - Stopped by Antti Raanta without a rebound.
9:45 of 3rd period - Claude Giroux wins face-off versus Evan Rodrigues in Minnesota North Stars zone.
10:00 of 3rd period - Snap shot by Mats Zuccarello.
10:00 of 3rd period - Goal by Mats Zuccarello - Arizona Coyotes : 6 - Minnesota North Stars : 4.
10:01 of 3rd period - Claude Giroux wins face-off versus Evgeni Malkin in neutral zone.
10:29 of 3rd period - Ondrej Palat is hit by Rasmus Dahlin and loses puck.
12:10 of 3rd period - Snap shot by Ryan Nugent-Hopkins.
12:10 of 3rd period - Deflect By Viktor Arvidsson.
12:10 of 3rd period - Shot Misses the Net.
12:10 of 3rd period - Puck is out of play.
12:11 of 3rd period - Ryan Nugent-Hopkins wins face-off versus Tyler Seguin in Arizona Coyotes zone.
12:12 of 3rd period - Wrist shot by Jeff Skinner.
12:12 of 3rd period - Stopped by Carter Hart without a rebound.
12:13 of 3rd period - Claude Giroux wins face-off versus Ryan Nugent-Hopkins in Arizona Coyotes zone.
12:17 of 3rd period - Off-side.
12:18 of 3rd period - Claude Giroux wins face-off versus Alexander Barabanov in neutral zone.
12:33 of 3rd period - Wrist shot by Mats Zuccarello.
12:33 of 3rd period - Shot Misses the Net.
12:35 of 3rd period - Slapshot by Claude Giroux.
12:35 of 3rd period - Shot Misses the Net.
12:52 of 3rd period - Snap shot by Neal Pionk.
12:52 of 3rd period - Stopped by Carter Hart without a rebound.
12:53 of 3rd period - Adam Lowry wins face-off versus Mason McTavish in Arizona Coyotes zone.
13:10 of 3rd period - Evan Rodrigues is hit by Dmitry Orlov and loses puck.
13:29 of 3rd period - Snap shot by Ryan Nugent-Hopkins.
13:29 of 3rd period - Shot Blocked by Jared Spurgeon.
13:31 of 3rd period - Slapshot by Brandon Montour.
13:31 of 3rd period - Stopped by Carter Hart with a rebound.
13:33 of 3rd period - Slapshot by Brandon Montour.
13:33 of 3rd period - Goal by Brandon Montour - Arizona Coyotes : 6 - Minnesota North Stars : 5.
13:34 of 3rd period - Evgeni Malkin wins face-off versus Claude Giroux in neutral zone.
13:41 of 3rd period - Snap shot by Evgeni Malkin.
13:41 of 3rd period - Shot Blocked by Jared Spurgeon.
14:01 of 3rd period - Jared Spurgeon is hit by Jonathan Toews and loses puck.
14:12 of 3rd period - Snap shot by Jonathan Toews.
14:12 of 3rd period - Stopped by Carter Hart without a rebound.
14:13 of 3rd period - Claude Giroux wins face-off versus Viktor Arvidsson in Arizona Coyotes zone.
14:17 of 3rd period - Off-side.
14:18 of 3rd period - Claude Giroux wins face-off versus Viktor Arvidsson in neutral zone.
14:23 of 3rd period - Slapshot by Claude Giroux.
14:23 of 3rd period - Shot Misses the Net.
14:29 of 3rd period - Mats Zuccarello is hit by Gustav Forsling and loses puck.
14:56 of 3rd period - Snap shot by Tyler Seguin.
14:56 of 3rd period - Shot Misses the Net.
15:16 of 3rd period - Snap shot by Evan Rodrigues.
15:16 of 3rd period - Deflect By Jonathan Toews.
15:16 of 3rd period - Goal by Jonathan Toews - Arizona Coyotes : 6 - Minnesota North Stars : 6.
15:17 of 3rd period - Adam Lowry wins face-off versus Ondrej Palat in neutral zone.
15:44 of 3rd period - Neal Pionk is hit by Mats Zuccarello and loses puck.
16:10 of 3rd period - Snap shot by Brandon Tanev.
16:10 of 3rd period - Stopped by Antti Raanta with a rebound.
17:01 of 3rd period - Jonathan Toews is hit by James van Riemsdyk.
18:14 of 3rd period - Erik Haula is hit by Brandon Montour and loses puck.
18:31 of 3rd period - Wrist shot by Ondrej Palat.
18:31 of 3rd period - Stopped by Antti Raanta with a rebound.
18:37 of 3rd period - Jani Hakanpaa is hit by Brandon Montour and loses puck.
18:48 of 3rd period - Mark Jankowski is hit by Rasmus Dahlin and loses puck.
18:53 of 3rd period - Slapshot by Evgeni Malkin.
18:53 of 3rd period - Stopped by Carter Hart with a rebound.
19:16 of 3rd period - Off-side.
19:17 of 3rd period - Evgeni Malkin wins face-off versus James van Riemsdyk in neutral zone.
Goals for this period are 2 for Arizona Coyotes vs 2 for Minnesota North Stars.
Shots for this period are 7 for Arizona Coyotes vs 10 for Minnesota North Stars.
Overtime #1
0:01 of 1st overtime period - Claude Giroux wins face-off versus Ryan Nugent-Hopkins in neutral zone.
0:08 of 1st overtime period - Wrist shot by Mats Zuccarello.
0:08 of 1st overtime period - Stopped by Antti Raanta with a rebound.
0:25 of 1st overtime period - Claude Giroux is hit by Rasmus Dahlin and loses puck.
0:46 of 1st overtime period - Slapshot by Jeff Skinner.
0:46 of 1st overtime period - Stopped by Carter Hart with a rebound.
0:48 of 1st overtime period - Wrist shot by Brandon Montour.
0:48 of 1st overtime period - Shot Misses the Net.
1:24 of 1st overtime period - Snap shot by Jeff Skinner.
1:24 of 1st overtime period - Shot Misses the Net.
1:26 of 1st overtime period - Slapshot by Jeff Skinner.
1:26 of 1st overtime period - Stopped by Carter Hart without a rebound.
1:27 of 1st overtime period - Charlie Coyle wins face-off versus Evgeni Malkin in Arizona Coyotes zone.
2:00 of 1st overtime period - Neal Pionk is hit by Jani Hakanpaa and loses puck.
2:25 of 1st overtime period - James van Riemsdyk is hit by Rasmus Dahlin and loses puck.
2:48 of 1st overtime period - Justin Holl is hit by Ondrej Palat and loses puck.
4:23 of 1st overtime period - Icing by Brayden McNabb.
4:24 of 1st overtime period - Evgeni Malkin wins face-off versus James van Riemsdyk in Arizona Coyotes zone.
4:36 of 1st overtime period - Icing by Claude Giroux.
4:37 of 1st overtime period - Charlie Coyle wins face-off versus Evgeni Malkin in Arizona Coyotes zone.
4:58 of 1st overtime period - Dmitry Orlov is hit by Rasmus Dahlin and loses puck.
Goals for this period are 0 for Arizona Coyotes vs 0 for Minnesota North Stars.
Shots for this period are 1 for Arizona Coyotes vs 2 for Minnesota North Stars.
ShootOut
5:00 of 1st overtime period - Round #1.
5:00 of 1st overtime period - Arizona Coyotes, Claude Giroux.
5:00 of 1st overtime period - Deke by Claude Giroux.
5:00 of 1st overtime period - Goal by Claude Giroux.
5:00 of 1st overtime period - Minnesota North Stars, Ryan Nugent-Hopkins.
5:00 of 1st overtime period - Snap shot by Ryan Nugent-Hopkins.
5:00 of 1st overtime period - Stopped by Carter Hart.
5:00 of 1st overtime period - Round #2.
5:00 of 1st overtime period - Arizona Coyotes, Mats Zuccarello.
5:00 of 1st overtime period - Deke by Mats Zuccarello.
5:00 of 1st overtime period - Goal by Mats Zuccarello.
5:00 of 1st overtime period - Minnesota North Stars, Evgeni Malkin.
5:00 of 1st overtime period - Wrist shot by Evgeni Malkin.
5:00 of 1st overtime period - Stopped by Carter Hart.
5:00 of 1st overtime period - Round #3.
Back to the Top